AoeStats
← AiKoBAiE

Arabia

510235044Analyzed
1v1 RM · 3d ago on Sep 30, 2026· 28m 12s· 2 players
Game mode
Random Map
Map size
Tiny (2 player)
Population
200
Speed
Normal
Resources
Standard
Victory
Conquest
Starting age
Dark Age
Ending age
Imperial Age
RankedLock teamsTeams togetherTeam positionsShared explorationLock speedFull tech treeHidden civsTurbo modeCheats
Victory
Defeat
🇺🇸 Berbers · United States
1229
+16
🇺🇸 Britons · United States
1228
-16
AiKoBAiE
6:11 Loom
8:39 Feudal Age
9:31 Double-Bit Axe
11:58 Horse Collar
21:06 Wheelbarrow
20:43 Fletching
20:54 Padded Archer Armor
20:50 Gold Mining
26:18 Castle Age
25:01 Scale Mail Armor
iamjhing
7:38 Loom
9:59 Feudal Age
10:37 Double-Bit Axe
10:56 Horse Collar
18:20 Wheelbarrow
21:17 Castle Age
19:34 Gold Mining
20:18 Bloodlines
20:17 Scale Barding Armor
22:21 Chain Barding Armor
22:24 Bow Saw
24:07 Husbandry
26:48 Forging
28:16 Iron Casting
Connection lost

Rejoining the realm…

Still unreachable

The connection could not be restored.

Session expired

The server has moved on; the page needs a fresh start.